 Dungeon Crawl Stone Soup version 0.21-a0-513-gdcb3f5e (webtiles) character file.

589 Hafrunt the Conjurer (level 7, -7/55 HPs)
             Began as a Black Draconian Conjurer on Dec 1, 2017.
             Was an Initiate of Vehumet.
             Mangled by a troll (12 damage)
             ... on level 5 of the Dungeon.
             The game lasted 00:19:34 (4287 turns).

Hafrunt the Conjurer (Black Draconian Conjurer)     Turns: 4287, Time: 00:19:34

Health: -7/55      AC:  8    Str: 10    XL:     7   Next: 15%
Magic:  10/13      EV: 12    Int: 23    God:    Vehumet [......]
Gold:   45         SH:  0    Dex: 11    Spells: 5/14 levels left

rFire    . . .     SeeInvis .   a - +0 flail
rCold    . . .     Gourm    .   (no shield)
rNeg     . . .     Faith    .   (armour unavailable)
rPois    .         Spirit   .   (helmet restricted)
rElec    +         Reflect  .   (no cloak)
rCorr    .         Harm     .   h - +0 pair of gloves
MR       .....                  (no boots)
Stlth    ++........             (no amulet)
HPRegen  0.18/turn              j - +1 ring of protection
MPRegen  0.13/turn              C - +5 ring of intelligence

@: short of breath
A: breathe lightning, unfitting armour, electricity resistance, cold-blooded, AC
+6
a: Breathe Lightning, Renounce Religion


You were on level 5 of the Dungeon.
You worshipped Vehumet.
Vehumet was noncommittal.
You were hungry.

You visited 1 branch of the dungeon, and saw 5 of its levels.

You collected 245 gold pieces.
You spent 200 gold pieces at shops.

Inventory:

Hand Weapons
 a - a +0 flail (weapon)
 b - a +0 hunting sling
Missiles
 t - 149 stones
 w - 14 sling bullets
 E - a throwing net (quivered)
Armour
 h - a +0 pair of gloves (worn)
Jewellery
 c - an uncursed ring of protection from magic
 j - a +1 ring of protection (left hand)
 C - a +5 ring of intelligence (right hand)
Wands
 v - a wand of random effects (34)
 y - a wand of acid (2)
 z - a wand of digging (13)
Scrolls
 e - a scroll of random uselessness {unknown}
 n - a scroll of enchant weapon
 o - a scroll of amnesia {unknown}
 p - a scroll of remove curse
 q - 4 scrolls of identify {unknown}
 u - a scroll of enchant armour {unknown}
 A - a scroll of immolation {unknown}
 D - a scroll of teleportation {unknown}
 F - a scroll of magic mapping {unknown}
Potions
 g - a potion of cancellation {unknown}
 i - 2 potions of might
 k - a potion of ambrosia {unknown}
 l - 2 potions of haste {unknown}
 m - 3 potions of degeneration {unknown}
 x - a potion of flight {unknown}
 B - a potion of heal wounds {unknown}
Books
 d - a book of Conjurations

   Spells                             Type                      Level
   a - Magic Dart                     Conjuration                  1
   b - Searing Ray                    Conjuration                  2
   c - Dazzling Spray                 Conjuration/Hexes            3
   d - Fulminant Prism                Conjuration/Hexes            4
   e - Force Lance                    Conjuration/Translocation    4
   f - Iskenderun's Mystic Blast      Conjuration                  4
 G - a book of Minor Magic

   Spells                             Type                      Level
   a - Magic Dart                     Conjuration                  1
   b - Blink                          Translocation                2
   c - Call Imp                       Summoning                    2
   d - Slow                           Hexes                        2
   e - Conjure Flame                  Conjuration/Fire             3
   f - Mephitic Cloud                 Conjuration/Poison/Air       3
Comestibles
 f - 3 bread rations
 r - a meat ration
 s - 3 royal jellies
 H - 3 chunks of flesh


   Skills:
 + Level 2.0 Fighting
 + Level 2.5 Dodging
 - Level 1.7 Stealth
 + Level 4.1 Spellcasting
 + Level 6.7 Conjurations
 + Level 1.8 Fire Magic


You had 5 spell levels left.
You knew the following spells:

 Your Spells              Type           Power        Failure   Level  Hunger
a - Magic Dart            Conj           ####         1%          1    None
b - Searing Ray           Conj           #####.       1%          2    #......
c - Dazzling Spray        Conj/Hex       ###...       8%          3    ##.....
d - Conjure Flame         Conj/Fire      ###.....     5%          3    ##.....


Dungeon Overview and Level Annotations

Branches:
Dungeon (5/15)
 Temple: D:4-7

Altars:
Vehumet
Xom
The Shining One

Shops:
D:4 :%}}}


Innate Abilities, Weirdness & Mutations

You can breathe wild blasts of lightning.
Your glossy black scales are hard. (AC +6)
You cannot fit into any form of body armour.
You are resistant to electric shocks. (rElec)
You are cold-blooded and may be slowed by cold attacks.


Message History

The troll claws you.
* * * LOW HITPOINT WARNING * * *
The troll claws you!
* * * LOW HITPOINT WARNING * * *
An adder comes into view.
The adder hisses angrily.
There is a stone staircase leading up here.
The troll is no longer blind.
The troll misses you. The troll closely misses you.
The troll barely misses you. The adder bites you but does no damage.
Casting: Dazzling Spray
Confirm with . or Enter, or press ? or * to list all spells.
Aiming: Magic Dart
Press: ? - help, Shift-Dir - straight line, f/p - troll
Aim: a troll (heavily wounded)
The magic dart hits the troll.
The troll is severely wounded.
The adder bites you but does no damage. The troll bites you!
You die...

#. #...##.#####....#
#.##...#..#........#
#.........#.####'###
#........##.# #.#
#........##.# #.#
#.....[..##'####.#
#.......<........#
#.####...S.......#
#. #...T@......# #
#...........#
#...........#
#...........#
###########.# .#


You could see a troll and an adder.

Vanquished Creatures
  2 ogres
  2 hounds (D:4)
  2 orc priests
  A jelly (D:3)
  Ijyb (D:3)
  An orc wizard (D:3)
  An iguana (D:4)
  A worker ant (D:4)
  Robin (D:2)
  3 adders
  9 oozes
  2 adder zombies (D:5)
  A worm (D:2)
  8 orcs
  7 bats
  3 giant cockroaches
  8 goblins (D:2)
  14 hobgoblins
  5 jackals
  11 kobolds
  A ball python skeleton (D:4)
  3 frilled lizards
  5 rats
92 creatures vanquished.

Vanquished Creatures (others)
  2 fungi (D:3)
  8 toadstools (D:3)
10 creatures vanquished.

Grand Total: 102 creatures vanquished

Notes
Turn   | Place    | Note
-------+----------+-------------------------------------------
     0 | D:1      | Hafrunt the Draconian Conjurer began the quest for the Orb.
     0 | D:1      | Reached XP level 1. HP: 14/14 MP: 3/3
   161 | D:1      | Reached XP level 2. HP: 20/20 MP: 0/5
   695 | D:1      | Reached XP level 3. HP: 26/26 MP: 1/6
   699 | D:1      | Learned a level 2 spell: Searing Ray
   703 | D:1      | Learned a level 3 spell: Dazzling Spray
   889 | D:2      | Noticed Robin
  1069 | D:2      | Killed Robin
  1069 | D:2      | Reached skill level 5 in Conjurations
  1272 | D:2      | Reached XP level 4. HP: 32/33 MP: 3/8
  1351 | D:2      | Found a faded altar of an unknown god.
  1612 | D:2      | Found a shimmering altar of Xom.
  2025 | D:3      | Noticed Ijyb
  2029 | D:3      | Killed Ijyb
  2035 | D:3      | Reached XP level 5. HP: 21/38 MP: 1/9
  2449 | D:3      | Found a radiant altar of Vehumet.
  2462 | D:3      | Became a worshipper of Vehumet
  2558 | D:3      | Found a glowing golden altar of the Shining One.
  2670 | D:3      | Reached skill level 6 in Conjurations
  2948 | D:4      | Found Bexzog's Book Emporium.
  2955 | D:4      | Bought a book of Minor Magic for 200 gold pieces
  2959 | D:4      | Learned a level 3 spell: Conjure Flame
  3002 | D:4      | Reached XP level 6. HP: 45/45 MP: 3/11
  3062 | D:4      | Found Loaw's Food Shoppe.
  3158 | D:4      | Reached skill level 1 in Fighting
  3158 | D:4      | Reached skill level 1 in Fire Magic
  3286 | D:4      | Found Ady Siom's Gadget Shop.
  3768 | D:4      | Reached * piety under Vehumet
  3768 | D:4      | Offered knowledge of Sting by Vehumet.
  3774 | D:4      | Found Butiwone's Gadget Emporium.
  3801 | D:4      | Found Nily's Gadget Shoppe.
  4143 | D:5      | Entered Level 5 of the Dungeon
  4174 | D:5      | Your scales start taking on a glossy black colour.
  4174 | D:5      | Reached XP level 7. HP: 51/55 MP: 7/13
  4174 | D:5      | Gained mutation: You are resistant to electric shocks. (rElec) [Black Draconian growth]
  4244 | D:5      | Noticed a troll
  4287 | D:5      | Mangled by a troll

Vault maps used:
D:1:      dpeg_arrival_pits, minmay_tromino_v4_b
D:2:      xom_butterflies, chequers_ecumenical_altar_island, uniq_robin
D:3:      cheibrodos_fertilizer, old_standard_altar, lemuel_round_altar,
          uniq_ijyb
D:4:      serial_shops, shop, shop, nicolae_shop_competitors_out_of_business,
          nicolae_shop_waterfront, shop
D:5:      serial_shops, nicolae_shop_window_shopping, first_bread,
          trog_three_pillars_becter, uniq_menkaure

Skill      XL: |  1  2  3  4  5  6 |
---------------+-------------------+-----
Conjurations   | 5 6 |  6.7
Spellcasting   | 3 4 |  4.1
Fighting       | 2 |  2.0
Dodging        | 2 |  2.5
Fire Magic     | 1 |  1.8
Stealth        | |  1.7

Action                   |  1- 3 |  4- 6 |  7- 9 || total
-------------------------+-------+-------+-------++-------
Melee: Unarmed           |    20 |       |       ||    20
       Whip              |    55 |    63 |       ||   118
       Tailslap          |    11 |     6 |       ||    17
       Flail             |       |     6 |       ||     6
 Fire: Hunting sling     |       |     6 |       ||     6
 Cast: Magic Dart        |    53 |   117 |     4 ||   174
       Dazzling Spray    |     2 |       |     1 ||     3
       Searing Ray       |     1 |     3 |       ||     4
       Conjure Flame     |       |     4 |       ||     4
 Abil: Breathe Lightning |       |       |     1 ||     1
Evoke: Wand              |       |     4 |       ||     4
  Use: Scroll            |       |     2 |       ||     2
       Potion            |       |     1 |       ||     1
  Eat: Chunk             |     2 |     5 |       ||     7
       Bread ration      |       |     1 |       ||     1
Armor: Skin              |    50 |    42 |     5 ||    97
Dodge: Dodged            |    59 |    65 |     9 ||   133

Table legend:
 A = Spawn XP
 B = Non-spawn XP
 C = Spawn XP percentage of total XP
 D = Spawn monster count
 E = Non-spawn monster count
 F = Spawn count percentage of total count
 G = Total turns spent on level
                    A         B        C        D         E        F      G
               +---------+---------+-------+---------+---------+-------+---------
         Total |       0 |     842 |   0.0 |       0 |      92 |   0.0 |  4287
               +---------+---------+-------+---------+---------+-------+---------
           D:1 |       0 |      45 |   0.0 |       0 |      25 |   0.0 |   981
           D:2 |       0 |      80 |   0.0 |       0 |      24 |   0.0 |  1040
           D:3 |       0 |     237 |   0.0 |       0 |      28 |   0.0 |   895
           D:4 |       0 |     351 |   0.0 |       0 |      12 |   0.0 |  1227
           D:5 |       0 |     129 |   0.0 |       0 |       3 |   0.0 |   144
               +---------+---------+-------+---------+---------+-------+---------
